 Dungeon Crawl Stone Soup version 0.22.1-2-g9c5b331 (webtiles) character file.

26 Anon1729 the Magician (level 2, -7/19 HPs)
             Began as a Mummy Wizard on Nov 14, 2018.
             Mangled by a worm (11 damage)
             ... on level 1 of the Dungeon.
             The game lasted 00:03:01 (1279 turns).

Anon1729 the Magician (Mummy Wizard)                Turns: 1279, Time: 00:03:02

Health: -7/19      AC:  2    Str: 10    XL:     2   Next: 89%
Magic:  1/7        EV: 12    Int: 17    God:
Gold:   80         SH:  0    Dex: 10    Spells: 3/10 levels left

rFire    x . .     SeeInvis .   c - +0 dagger
rCold    + . .     Gourm    .   (no shield)
rNeg     + + +     Faith    .   a - +0 robe
rPois    ∞         Spirit   .   b - +0 hat
rElec    .         Reflect  .   (no cloak)
rCorr    .         Harm     .   (no gloves)
MR       .....                  (no boots)
Stlth    ++........             (no amulet)
HPRegen  0.06/turn              (no ring)
MPRegen  0.10/turn              (no ring)

@: very slightly contaminated
A: no food or potions, fire vulnerability, cold resistance 1, negative energy
resistance 3, torment resistance, unbreathing
a: no special abilities


You were on level 1 of the Dungeon.
You were not hungry.

You visited 1 branch of the dungeon, and saw 2 of its levels.

You collected 80 gold pieces.

Inventory:

Hand Weapons
 c - a +0 dagger (weapon)
Armour
 a - a +0 robe (worn)
 b - a +0 hat (worn)
 k - a +0 chain mail of poison resistance
Scrolls
 d - a scroll of blinking {unknown}
 e - 3 scrolls of identify {unknown}
 f - a scroll of magic mapping {unknown}
 g - a scroll of remove curse {unknown}
 h - a scroll of random uselessness {unknown}
 i - a scroll of amnesia {unknown}
 j - a scroll of teleportation {unknown}


   Skills:
 + Level 2.0 Dodging
 + Level 1.9 Stealth
 + Level 4.5 Spellcasting
 + Level 1.1 Conjurations
 - Level 0.7 Summonings
 - Level 0.7 Translocations


You had 3 spell levels left.
You knew the following spells:

 Your Spells              Type           Power        Failure   Level  Hunger
a - Magic Dart            Conj           #...         10%         1    N/A
b - Slow                  Hex            #.......     22%         2    N/A
c - Blink                 Tloc           N/A          17%         2    N/A
d - Call Imp              Summ           #.......     17%         2    N/A

Your spell library contained the following spells:

 Spells                   Type           Power        Failure   Level  Hunger
 Conjure Flame            Conj/Fire      #.......     34%         3    N/A
 Mephitic Cloud           Conj/Pois/Air  #.......     36%         3    N/A

Dungeon Overview and Level Annotations

Branches:
Dungeon (2/15)

Altars:


Innate Abilities, Weirdness & Mutations

You do not eat or drink.
Your flesh is vulnerable to fire.
You are immune to poison.
Your flesh is cold resistant. (rC+)
You are immune to negative energy. (rN+++)
You are immune to unholy pain and torment.
You can survive without breathing.


Message History

You hit the worm.
The worm is heavily wounded.
The worm closely misses you.
You barely miss the worm.
The worm is heavily wounded.
You hit the worm.
The worm is heavily wounded.
The worm bites you.
* * * LOW HITPOINT WARNING * * *
You hit the worm.
The worm is heavily wounded.
The worm bites you.
* * * LOW HITPOINT WARNING * * *
You hit the worm.
The worm is heavily wounded.
You hit the worm.
The worm is severely wounded.
The worm bites you!
Ouch! That really hurt!
You die...

#.........# #.#
###.........# #.####
#...........## #.....
###............# #####.
#..............#### ###.
#.................#####...
#..^................##..##
#...........÷.....#.##....
#........@w.......#.......
#########.!.......#.......
#.........#......!
#...%.....####.###
########### #(# #.# #.#
###


You could see a worm.

Vanquished Creatures
  4 dart slugs (D:1)
  4 bats (D:1)
  4 goblins (D:1)
  A hobgoblin (D:1)
  2 frilled lizards (D:1)
  2 kobolds (D:1)
  A rat (D:1)
18 creatures vanquished.

Notes
Turn   | Place    | Note
-------+----------+-------------------------------------------
     0 | D:1      | Anon1729 the Mummy Wizard began the quest for the Orb.
     0 | D:1      | Reached XP level 1. HP: 13/13 MP: 5/5
   166 | D:1      | Reached XP level 2. HP: 19/19 MP: 2/7
   314 | D:1      | Reached skill level 1 in Conjurations
   755 | D:1      | Learned a level 2 spell: Slow
   758 | D:1      | Learned a level 2 spell: Blink
   761 | D:1      | Learned a level 2 spell: Call Imp
  1279 | D:1      | Mangled by a worm

Skill      XL: |  1  2 |
---------------+-------+-----
Conjurations   | 1 |  1.1
Dodging        | 2 |  2.0
Stealth        | |  1.9
Spellcasting   | |  4.5
Summonings     | |  0.7
Translocations | |  0.7

Action                   || total
-------------------------++-------
Melee: Unarmed           ||     8
       Dagger            ||    25
 Cast: Magic Dart        ||    49
       Slow              ||     3
Armor: Robe              ||     6
Dodge: Dodged            ||    21
